 Dungeon Crawl Stone Soup version 0.23.0-41-g86b089e62c (webtiles) character file.

Game seed: 9199007657258400910

210 MisterOstroum the Shooter (level 5, -2/40 HPs)
             Began as a Centaur Arcane Marksman on Feb 28, 2019.
             Was a Plaything of Xom.
             Killed from afar by Ijyb (14 damage)
             ... with a wand of acid (10)
             ... on level 3 of the Dungeon.
             The game lasted 00:17:32 (2614 turns).

MisterOstroum the Shooter (Centaur Arcane Marksman) Turns: 2614, Time: 00:17:33

Health: -2/40      AC:  4    Str: 14    XL:     5   Next: 56%
Magic:  6/6        EV: 10    Int: 12    God:    Xom [..*...]
Gold:   159        SH:  0    Dex:  9    Spells: 3/6 levels left

rFire    + + .     SeeInvis .   a - +0 shortbow
rCold    . . .     Gourm    .   (shield currently unavailable)
rNeg     . . .     Faith    .   e - +0 robe
rPois    .         Spirit   .   (no helmet)
rElec    .         Reflect  .   (no cloak)
rCorr    .         Harm     .   (no gloves)
MR       .....                  (no barding)
Stlth    +.........             (no amulet)
HPRegen  0.13/turn              j - ring of protection from fire
MPRegen  0.10/turn              q - ring of protection from fire

@: very quick
A: large, hooves 3, deformed body, speed 2, tough skin 3
a: Renounce Religion


You were on level 3 of the Dungeon.
You worshipped Xom.
You were a toy of Xom.
You were not hungry.

You visited 1 branch of the dungeon, and saw 3 of its levels.

You collected 159 gold pieces.

Inventory:

Hand Weapons
 a - a +0 shortbow (weapon)
 g - a +0 club
 o - a +0 hunting sling
 r - a +3 dagger of holy wrath
 v - a +3 short sword
 A - a +2 antimagic trident
Missiles
 d - 36 arrows (quivered)
 n - 39 stones
Armour
 e - a +0 robe (worn)
 k - a +1 leather armour of cold resistance
 B - a +0 helmet
Jewellery
 j - a ring of protection from fire (left hand)
 q - a ring of protection from fire (right hand)
Wands
 y - a wand of random effects (12)
Scrolls
 c - 2 scrolls of enchant weapon {unknown}
 h - a scroll of identify {unknown}
 l - a scroll of immolation {unknown}
 m - a scroll of teleportation {unknown}
 s - a scroll of noise {unknown}
 u - a scroll of amnesia {unknown}
 w - 2 scrolls of fear {unknown}
 x - a scroll of remove curse {unknown}
Potions
 b - a potion of lignification {unknown}
 i - 2 potions of curing {unknown}
 p - 2 potions of degeneration {unknown}
 t - a potion of agility {unknown}
 z - a potion of cancellation {unknown}
Comestibles
 f - 6 rations


   Skills:
 + Level 1.4 Fighting
 * Level 6.8 Bows
 * Level 1.8 Dodging
 + Level 1.0 Spellcasting
 + Level 3.2 Hexes


You had 3 spell levels left.
You knew the following spells:

 Your Spells              Type           Power        Failure   Level  Hunger
a - Corona                Hex            #......      9%          1    ##.....
b - Slow                  Hex            #.......     12%         2    ###....

Your spell library contained the following spells:

 Spells                   Type           Power        Failure   Level  Hunger
 Inner Flame              Hex/Fire       #.......     43%         3    ####...
 Portal Projectile        Hex/Tloc       #.....       43%         3    ####...
 Cause Fear               Hex            #.........   63%         4    #####..
 Leda's Liquefaction      Hex/Erth       #.........   83%         4    #####..


Dungeon Overview and Level Annotations

Branches:
Dungeon (3/15)

Altars:
Xom

Annotations:
D:3 Ijyb


Innate Abilities, Weirdness & Mutations

You have hooves in place of feet.
Armour fits poorly on your strangely shaped body.
You cover ground very quickly.
You have extremely tough skin. (AC +3)


Message History

There is a stone staircase leading down here.
The rat is too close now for your liking.
Firing (i - inventory. (/) - cycle)
d - 39 arrows (quivered)
Press: ? - help, Shift-Dir - straight line, f - rat
Aim: a rat You shoot an arrow.
The arrow barely misses the rat.
Firing (i - inventory. (/) - cycle)
d - 38 arrows (quivered)
Press: ? - help, Shift-Dir - straight line, f/p - rat
Aim: a rat You shoot an arrow.
The arrow hits the rat but does no damage.
Firing (i - inventory. (/) - cycle)
d - 37 arrows (quivered)
Press: ? - help, Shift-Dir - straight line, f/p - rat
Aim: a rat You shoot an arrow.
The arrow barely misses the rat.
Ijyb zaps a wand.
The bolt of acid hits the rat!!
The rat is splashed with acid.
The rat dies!
The bolt of acid hits you!
You die... "Huh?
Did I miss anything?"

############# #...........#
#.#########.# #.# #.#
###.### #.##############
...#..#######..............#
###.#...........@†(.(#####.#
#.########.######g(# #.# #)#
#.# #.>### #.# ##.########.#
#....# #.# ##...........#
#.##.# #[#
....###############.##.# #.#
###.# .........###.###.# #.#
####............# #.#
#...##.###.#####


You could see Ijyb.

Vanquished Creatures
  Jessica (D:2)
  A worker ant (D:3)
  A worker ant zombie (D:3)
  3 gnolls (D:2)
  2 adders (D:2)
  2 oozes (D:3)
  A worm (D:2)
  A dart slug (D:2)
  2 leopard geckos
  4 orcs (D:3)
  6 bats
  16 giant cockroaches
  6 goblins
  10 hobgoblins
  2 jackals (D:1)
  A quokka (D:2)
  A ball python (D:2)
  3 frilled lizards (D:1)
  8 kobolds
  6 rats
77 creatures vanquished.

Vanquished Creatures (others)
  A rat (D:3)
1 creature vanquished.

Grand Total: 78 creatures vanquished

Notes
Turn   | Place    | Note
-------+----------+-------------------------------------------
     0 | D:1      | MisterOstroum the Centaur Arcane Marksman began the quest
                  | for the Orb.
     0 | D:1      | Reached XP level 1. HP: 16/16 MP: 2/2
   420 | D:1      | Reached XP level 2. HP: 23/23 MP: 3/3
   488 | D:1      | Reached skill level 3 in Bows
   928 | D:2      | Learned a level 2 spell: Slow
  1082 | D:2      | Reached skill level 4 in Bows
  1082 | D:2      | Reached XP level 3. HP: 28/28 MP: 4/4
  1328 | D:2      | Reached skill level 5 in Bows
  1398 | D:2      | Reached XP level 4. HP: 31/35 MP: 5/5
  1748 | D:2      | Noticed Jessica
  1753 | D:2      | Killed Jessica
  1753 | D:2      | Reached skill level 6 in Bows
  1753 | D:2      | Reached XP level 5. HP: 40/40 MP: 6/6
  1951 | D:3      | Found a shimmering altar of Xom.
  1961 | D:3      | Became a worshipper of Xom of Chaos
  2580 | D:3      | Noticed Ijyb
  2614 | D:3      | Killed from afar by Ijyb

Skill      XL: |  1  2  3  4 |
---------------+-------------+-----
Hexes          | 3 |  3.2
Bows           | 4 5 6 |  6.8
Fighting       | |  1.4
Dodging        | |  1.8
Spellcasting   | |  1.0

Action                   |  1- 3 |  4- 6 || total
-------------------------+-------+-------++-------
 Fire: Shortbow          |   126 |   130 ||   256
  Eat: Chunk             |       |     2 ||     2
       Ration            |       |     1 ||     1
Armor: Robe              |    16 |    11 ||    27
Dodge: Dodged            |    22 |    29 ||    51
